 Dungeon Crawl Stone Soup version 0.30.0-18-gf1372a6a44 (webtiles) character file.

Game seed: 16399379910052297613

577 qw the Chopper (level 7, 0/43 HPs)
             Began as a Gargoyle Fighter on May 21, 2023.
             Slain by an ogre
             ... wielding a +0 giant spiked club
              (30 damage)
             ... on level 5 of the Dungeon.
             The game lasted 00:01:48 (3510 turns).

qw the Chopper (Gargoyle Fighter)                   Turns: 3510, Time: 00:01:48

Health: 0/43       AC: 17    Str: 22    XL:     7   Next: 35%
Magic:  7/7        EV:  8    Int:  8    God:
Gold:   210        SH:  5    Dex: 15    Spells: 6/6 levels left

rFire   . . .        Y - +1 war axe (vamp)
rCold   . . .        c - +0 buckler
rNeg    + . .        o - +0 chain mail
rPois   inf          (no helmet)
rElec   +            (no cloak)
rCorr   .            (no gloves)
SInv    .            (no boots)
Will    .....        (no amulet) Stlth
                     f - +6 ring of dexterity
HPRegen 0.27/turn    m - +4 ring of protection
MPRegen 0.10/turn

%: no passive effects
@: no status effects
A: sickness immunity, AC +4, negative energy resistance 1, electricity
resistance, torment resistance 1, petrification resistance
a: no special abilities


You were on level 5 of the Dungeon.
You visited 1 branch of the dungeon, and saw 5 of its levels.

You collected 210 gold pieces.


Innate Abilities, Weirdness & Mutations

You are immune to sickness and miasma.
Your stone body is resilient. (AC +4)
You are immune to poison.
You resist negative energy. (rN+)
You are resistant to electric shocks. (rElec)
You are resistant to unholy torment.
You are immune to petrification.


   Skills:
 - Level 4.2 Fighting
 + Level 6.6 Axes
 - Level 0.2 Throwing
 - Level 3.2 Armour
 - Level 1.0 Dodging
 - Level 3.2 Shields


You had 6 spell levels left.
You didn't know any spells.
Your spell library was empty.

Inventory:

Hand Weapons
 u - a +0 flail
 Y - a +1 vampiric war axe (weapon)
Missiles
 b - 5 boomerangs (quivered)
Armour
 c - a +0 buckler (worn)
 o - a +0 chain mail (worn)
Jewellery
 f - a +6 ring of dexterity (left hand)
 m - a +4 ring of protection (right hand)
Scrolls
 g - 8 scrolls of teleportation
 h - a scroll of identify
Potions
 a - a potion of mutation
 d - a potion of might
 e - a potion of berserk rage {unknown}
 i - a potion of heal wounds {unknown}
 j - a potion of haste
 k - a potion of ambrosia {unknown}
 l - 2 potions of curing
 n - a potion of flight {unknown}
 p - a potion of cancellation {unknown}
 q - 2 potions of brilliance {unknown}
 r - a potion of experience {unknown}
 s - 2 potions of magic {unknown}
 t - a potion of attraction {unknown}

Dungeon Overview and Level Annotations

Branches:
Dungeon (5/15)
 Temple: D:4-7

Altars:
Gozag
Nemelex Xobeh
Uskayaw
Wu Jian

Shops:
D:1 !


Message History

You hit the gnoll.
You kill the gnoll!
The gnoll hits you but does no damage.
A hobgoblin zombie comes into view.
The gnoll hits you but does no damage.
An ogre comes into view. It is wielding a +0 giant spiked club.
You slash the gnoll!
You kill the gnoll!
You hit the gnoll. The gnoll hits you with a +0 spear.
You hit the gnoll but do no damage.
The gnoll is lightly wounded.
The gnoll hits you but does no damage.
You closely miss the gnoll. The gnoll hits you with a +0 spear.
You hit the gnoll.
The gnoll is heavily wounded.
The gnoll completely misses you. The gnoll closely misses you.
You hit the gnoll.
You feel better.
The gnoll is severely wounded.
You slash the hobgoblin zombie!
You destroy the hobgoblin zombie!
The gnoll barely misses you.
You closely miss the gnoll.
The gnoll is severely wounded.
You barely miss the ogre. The gnoll barely misses you.
The ogre hits you with a +0 giant spiked club!
You completely miss the gnoll.
The gnoll is severely wounded.
You slash the ogre! The gnoll closely misses you. You block the ogre's attack.
You slash the gnoll!
You kill the gnoll!
You hit the ogre but do no damage. You hit the ogre but do no damage.
The ogre is moderately wounded.
The ogre hits you with a +0 giant spiked club!!
Ouch! That really hurt!
You die...

....... ...... ....... ......
....... .....g ....... .... ...
.......##... .. ..........# .. ..
...."..O)# . . .# ##..@# .# .##
.. .# ##..).####.#.... ..... .#
.# #.............# ..... ..#
.#...##.........# #..... ...#
##...##..............#... >...#
##..####.%......#.....##..
.....###.........##....##....#...
......#...###...##..#..##....##..
........### ##..#......##........


You could see an ogre.

Vanquished Creatures
  A scorpion (D:4)
  A howler monkey (D:4)
  2 hounds (D:5)
  An orc priest (D:5)
  Ijyb (D:3)
  Terence (D:2)
  Jessica (D:2)
  2 iguanas
  2 orc wizards
  A mummy (D:5)
  3 gnolls (D:5)
  6 adders
  An ufetubus (D:5)
  3 worms
  4 dart slugs
  8 orcs
  4 ball pythons
  8 endoplasms
  5 giant cockroaches
  4 goblins
  7 hobgoblins
  9 jackals
  3 kobolds
  4 quokkas
  5 bats
  A frilled lizard (D:2)
  A hobgoblin zombie (D:5)
  6 rats
95 creatures vanquished.

Notes
Turn   | Place    | Note
-------+----------+-------------------------------------------
     0 | D:1      | qw the Gargoyle Fighter began the quest for the Orb.
     0 | D:1      | Reached XP level 1. HP: 14/14 MP: 1/1
     0 | D:1      | 0 ||| qw: Version: 0.2-a-98-g16b38d9
     0 | D:1      | 0 ||| qw: Game counter: 6
     0 | D:1      | 0 ||| qw: Always use a shield: true
     0 | D:1      | 0 ||| qw: God list: Okawaru
     0 | D:1      | 0 ||| qw: Allow faded altars: false
     0 | D:1      | 0 ||| qw: Do Orc after D:15 true
     0 | D:1      | 0 ||| qw: Do second Lair branch before Depths: true
     0 | D:1      | 0 ||| qw: Lair rune preference: random
     0 | D:1      | 0 ||| qw: Plans: Normal, Zot:1-4, God:TSO, Crypt, Tomb,
                  | Pan, Slime:5, Hells, Abyss, Win
     0 | D:1      | 0 ||| PLANNING D:1-11
    39 | D:1      | Reached skill level 2 in Axes
    65 | D:1      | 65 ||| Stepping ~*~*~tactically~*~*~ (stealth).
    91 | D:1      | Reached XP level 2. HP: 18/19 MP: 2/2
   105 | D:1      | Found Ifrum's Distillery.
   123 | D:1      | 123 ||| SHOPLISTING 2 potions of curing (66 gold, have 25).
   123 | D:1      | 123 ||| SHOPLISTING potion of haste (110 gold, have 25).
   123 | D:1      | 123 ||| SHOPLISTING potion of heal wounds (55 gold, have
                  | 25).
   123 | D:1      | 123 ||| SHOPLISTING potion of might (44 gold, have 25).
   123 | D:1      | 123 ||| SHOPLISTING potion of mutation (88 gold, have 25).
   704 | D:1      | Reached skill level 3 in Axes
   735 | D:1      | 735 ||| Stepping ~*~*~tactically~*~*~ (hiding).
   746 | D:1      | Reached XP level 3. HP: 23/23 MP: 3/3
   871 | D:1      | 871 ||| UPGRADING to +6 ring of dexterity.
   872 | D:1      | 872 ||| READING scroll labelled ROD HIRGHUIT.
   873 | D:1      | 873 ||| READING scroll labelled ORAIRRO ENOGG.
   874 | D:1      | 874 ||| READING scroll labelled SECYDW DUCOUFA.
   888 | D:1      | 888 ||| DRINKING 2 fizzy black potions.
  1041 | D:2      | 1041 ||| Stepping ~*~*~tactically~*~*~ (hiding).
  1072 | D:2      | Reached skill level 1 in Dodging
  1209 | D:2      | Noticed Terence
  1226 | D:2      | Killed Terence
  1227 | D:2      | Reached XP level 4. HP: 17/28 MP: 4/4
  1425 | D:2      | Noticed Jessica
  1445 | D:2      | HP: 6/28 [Jessica/nerve-wracking pain (5)]
  1446 | D:2      | Killed Jessica
  1447 | D:2      | Reached skill level 4 in Axes
  1553 | D:2      | 1553 ||| Stepping ~*~*~tactically~*~*~ (stealth).
  1561 | D:2      | Reached XP level 5. HP: 32/32 MP: 5/5
  1875 | D:2      | 1875 ||| DROPPING amulet of faith.
  1876 | D:2      | 1876 ||| UPGRADING to +4 ring of protection.
  1877 | D:2      | 1877 ||| READING 5 scrolls labelled VIXKOHY KEALUB.
  1937 | D:3      | 1937 ||| Stepping ~*~*~tactically~*~*~ (stealth).
  2003 | D:3      | 2003 ||| Stepping ~*~*~tactically~*~*~ (stealth).
  2004 | D:3      | 2004 ||| Stepping ~*~*~tactically~*~*~ (stealth).
  2130 | D:3      | Found an opulent altar of Gozag.
  2168 | D:3      | Noticed Ijyb
  2169 | D:3      | 2169 ||| Stepping ~*~*~tactically~*~*~ (hiding).
  2187 | D:3      | Killed Ijyb
  2358 | D:3      | Found an ornate altar of the Wu Jian Council.
  2441 | D:3      | 2441 ||| UPGRADING to +0 chain mail.
  2451 | D:3      | 2451 ||| DROPPING +0 scale mail.
  2452 | D:3      | 2452 ||| READING scroll labelled FAEFAWKUOD.
  2473 | D:4      | Reached skill level 5 in Axes
  2504 | D:4      | Reached XP level 6. HP: 38/38 MP: 6/6
  2518 | D:4      | 2518 ||| Stepping ~*~*~tactically~*~*~ (stealth).
  2520 | D:4      | 2520 ||| Stepping ~*~*~tactically~*~*~ (stealth).
  2541 | D:4      | 2541 ||| Stepping ~*~*~tactically~*~*~ (hiding).
  2542 | D:4      | 2542 ||| Stepping ~*~*~tactically~*~*~ (hiding).
  2543 | D:4      | 2543 ||| Stepping ~*~*~tactically~*~*~ (hiding).
  2585 | D:4      | 2585 ||| SWAPPING to +1 war axe of freezing.
  2586 | D:4      | 2586 ||| DROPPING +0 war axe.
  2597 | D:4      | Found a sparkling altar of Nemelex Xobeh.
  2680 | D:4      | Found a hide-covered altar of Uskayaw.
  2680 | D:4      | Noticed a +0 hand axe
  2680 | D:4      | Noticed a +0 hand axe
  2761 | D:4      | 2761 ||| Stepping ~*~*~tactically~*~*~ (stealth).
  2765 | D:4      | 2765 ||| Stepping ~*~*~tactically~*~*~ (stealth).
  2766 | D:4      | 2766 ||| Stepping ~*~*~tactically~*~*~ (stealth).
  2776 | D:4      | 2776 ||| Stepping ~*~*~tactically~*~*~ (stealth).
  3077 | D:4      | 3077 ||| DROPPING +0 ring mail of poison resistance.
  3078 | D:4      | 3078 ||| READING scroll labelled WAWNIPE OQOUSH.
  3179 | D:4      | 3179 ||| READING scroll labelled OLESEM DACHO.
  3180 | D:4      | 3180 ||| READING 2 scrolls of identify.
  3180 | D:4      | 3180 ||| IDENTIFYING fuming golden potion
  3202 | D:5      | Entered Level 5 of the Dungeon
  3203 | D:5      | 3203 ||| PLANNING OSSUARY
  3262 | D:5      | 3262 ||| Stepping ~*~*~tactically~*~*~ (stealth).
  3268 | D:5      | 3268 ||| DRINKING 3 potions of curing.
  3268 | D:5      | 3268 ||| (to cure confusion)
  3281 | D:5      | Reached skill level 6 in Axes
  3281 | D:5      | Reached XP level 7. HP: 27/43 MP: 7/7
  3344 | D:5      | 3344 ||| DROPPING +0 whip.
  3437 | D:5      | 3437 ||| Stepping ~*~*~tactically~*~*~ (stealth).
  3491 | D:5      | 3491 ||| Stepping ~*~*~tactically~*~*~ (stealth).
  3492 | D:5      | 3492 ||| Stepping ~*~*~tactically~*~*~ (stealth).
  3493 | D:5      | 3493 ||| Stepping ~*~*~tactically~*~*~ (hiding).
  3510 | D:5      | Slain by an ogre

Levels and vault maps discovered:
D:1:      saegor_arrival_simple_d, layout_basic, serial_shops, shop,
          kennysheep_crisscross
D:2:      layout_basic, minmay_pentomino_s2, uniq_terence, uniq_jessica
D:3:      layout_rooms, mainiacjoe_overflow_alcove_2,
          mainiacjoe_overflow_alcove_1, uniq_ijyb
D:4:      layout_basic, nemelex_spade_bored_becter, dancing_weapons_uskayaw
D:5:      layout_cave_pools, nicolae_ossuary_entry_giza

Skill      XL: |  1  2  3  4  5  6 |
---------------+-------------------+-----
Axes           | 2 3 4 5 6 |  6.6
Dodging        | 1 |  1.0
Fighting       | 4 |  4.2
Throwing       | |  0.2
Armour         | |  3.2
Shields        | |  3.2

Action                     |  1- 3 |  4- 6 |  7- 9 || total
---------------------------+-------+-------+-------++-------
  Melee: War axe           |   114 |   124 |    33 ||   271
  Throw: Boomerang         |       |    25 |    16 ||    41
    Use: Scroll            |     3 |     5 |       ||     8
         Potion            |     1 |     1 |       ||     2
 Armour: Scale mail        |    50 |    30 |       ||    80
         Chain mail        |       |    43 |    20 ||    63
  Dodge: Dodged            |    52 |    45 |    12 ||   109
  Block: Buckler           |    27 |    27 |     1 ||    55

Table legend:
 A = Non-vault XP
 B = Vault XP
 C = Vault XP percentage of total XP
 D = Non-vault monster count
 E = Vault monster count
 F = Vault count percentage of total count
                 A         B        C        D         E       F
            +---------+---------+-------+---------+---------+-------
      Total |     690 |     135 |  16.4 |      88 |       7 |   7.4
            +---------+---------+-------+---------+---------+-------
        D:1 |      44 |       0 |   0.0 |      24 |       0 |   0.0
        D:2 |      62 |      77 |  55.4 |      15 |       4 |  21.1
        D:3 |      25 |      39 |  60.9 |      12 |       1 |   7.7
        D:4 |     258 |       0 |   0.0 |      17 |       0 |   0.0
        D:5 |     301 |      19 |   5.9 |      20 |       2 |   9.1
            +---------+---------+-------+---------+---------+-------
